 Dungeon Crawl Stone Soup version 0.31-a0-986-g5e6e4ef867 (webtiles) character file.

Game seed: 17637124805920604687

175 backslashecho the Chopper (level 5, -1/47 HPs)
             Began as a Minotaur Fighter on Nov 11, 2023.
             Slain by a gnoll
             ... wielding a +0 flail
             ... led by a gnoll bouda
              (10 damage)
             ... on level 3 of the Dungeon.
             The game lasted 00:03:47 (2370 turns).

backslashecho the Chopper (Minotaur Fighter)        Turns: 2370, Time: 00:03:48

Health: -1/47      AC:  6    Str: 22    XL:     5   Next: 29%
Magic:  13/13      EV:  9    Int:  5    God:
Gold:   191        SH:  4    Dex: 10    Spells: 4/4 levels left

rFire   . . .        a - +0 war axe
rCold   . . .        c - +0 buckler
rNeg    . . .        b - +0 scale mail
rPois   .            (helmet restricted)
rElec   .            (no cloak)
rCorr   .            (no gloves)
SInv    .            (no boots)
Will    .....        (no amulet) Stlth
                     n - ring of magical power
HPRegen 0.27/turn    (no ring)
MPRegen 0.13/turn

%: no passive effects
@: no status effects
A: horns 2, retaliatory headbutt
a: no special abilities


You were on level 3 of the Dungeon.
You visited 1 branch of the dungeon, and saw 4 of its levels.

You collected 191 gold pieces.

Inventory:

Hand Weapons
 a - a +0 war axe (weapon)
Missiles
 p - a throwing net
 v - 2 poisoned darts
Armour
 b - a +0 scale mail (worn)
 c - a +0 buckler (worn)
Jewellery
 n - a ring of magical power (left hand)
 o - a ring of willpower
Scrolls
 e - 2 scrolls of torment {unknown}
 f - a scroll of fear {unknown}
 g - 4 scrolls of identify {unknown}
 h - 3 scrolls of teleportation {unknown}
 k - 2 scrolls of blinking {unknown}
 l - 2 scrolls of noise {unknown}
 m - a scroll of immolation {unknown}
 t - a scroll of enchant armour {unknown}
Potions
 d - 2 potions of might
 i - a potion of curing {unknown}
 j - a potion of enlightenment {unknown}
 q - a potion of attraction {unknown}
 r - a potion of brilliance {unknown}
 s - a potion of degeneration {unknown}
 u - a potion of magic {unknown}


   Skills:
 + Level 4.7 Fighting
 * Level 5.1 Axes
 - Level 3.6 Armour
 + Level 4.7 Shields


You had 4 spell levels left.
You didn't know any spells.
Your spell library was empty.

Dungeon Overview and Level Annotations

Branches:
Dungeon (4/15)
 Temple: D:4-7

Altars:


Innate Abilities, Weirdness & Mutations

You have a pair of horns on your head.
You reflexively headbutt those who attack you in melee.


Message History

The gnoll bouda barely misses you. You furiously retaliate!
You headbutt the gnoll bouda!
You kill the gnoll bouda!
You have reached level 5!
You regained 4 hp, and now have 23/47 hp.
MP restored: 13 The gnoll attacks as it pursues you!
The gnoll hits you with a +0 club. The gnoll barely misses you.
You furiously retaliate!
You headbutt the gnoll.
You take 4 damage, and have 19/47 hp.
Your attacks no longer feel as feeble.
The gnoll attacks as it pursues you! The gnoll closely misses you.
Items here: ) [ ††.
There is a stone staircase leading up, spattered with blood here.
You hit the gnoll. You headbutt the gnoll.
You kill the gnoll!
Your Axes skill increases to level 5!
The gnoll barely misses you. The gnoll hits you but does no damage.
Items here: )) [ ††.
You hit the gnoll.
The gnoll is lightly wounded.
You hit the gnoll. The gnoll barely misses you. The gnoll closely misses you.
You furiously retaliate!
You headbutt the gnoll! The gnoll barely misses you. You furiously retaliate!
You headbutt the gnoll!
You kill the gnoll!
The gnoll hits you from afar with a +0 spear.
You take 3 damage, and have 17/47 hp.
There is a stone staircase leading up, spattered with blood here.
You block the gnoll's attack. The gnoll hits you with a +0 spear.
The gnoll hits you from afar with a +0 spear.
Items here: )) [ ††.
You take 3 damage, and have 15/47 hp.
You are too injured to fight recklessly!
You are too injured to fight recklessly!
You hit the gnoll but do no damage. You slash the gnoll!
You kill the gnoll!
The gnoll is no longer moving quickly.
The gnoll hits you with a +0 flail.
* * * LOW HITPOINT WARNING * * *
The gnoll hits you from afar with a +0 spear.
* * * LOW HITPOINT WARNING * * *
The gnoll closely misses you.
You take 8 damage, and have 7/47 hp.
The gnoll attacks as it pursues you! The gnoll barely misses you.
There is a stone staircase leading up, spattered with blood here.
The gnoll hits you but does no damage.
You climb upwards.
There is a stone staircase leading down here.
You hit the gnoll.
The gnoll is moderately wounded.
The gnoll hits you with a +0 flail!
You die...

#..).....# #.######'### #.#
#....# ##########.# #....#
#........#.## #....#
#...........# #....# ###
#..#..#.....####....#######..
#....#......#..+..........+..
#...#..#....@.##....#######..
#..#..#....g.#.......# #..
#....#.......#.......# ####..
#...#..#.............###.....
#..#..#.....#................
#....#......#................
##..#..#....##...............
#.#..#.....###'#+######.....
#...#......# #.#.# #.....


You could see a gnoll.

Vanquished Creatures
  A gnoll bouda (D:4)
  7 gnolls
  3 dart slugs (D:1)
  An orc (D:4)
  11 ball pythons
  9 endoplasms
  5 giant cockroaches
  7 goblins
  2 hobgoblins
  2 jackals (D:3)
  A quokka (D:1)
  4 bats
  6 frilled lizards
  4 kobolds
  7 rats
70 creatures vanquished.

Notes
Turn   | Place    | Note
-------+----------+-------------------------------------------
     0 | D:1      | backslashecho the Minotaur Fighter began the quest for the
                  | Orb.
     0 | D:1      | Reached XP level 1. HP: 19/19 MP: 0/0
     6 | D:1      | Noticed a redback
     6 | D:1      | Noticed a wyvern
     6 | D:1      | Noticed a swamp worm
     6 | D:1      | Noticed a hog
     6 | D:1      | Noticed a salamander
    79 | D:1      | Reached XP level 2. HP: 27/27 MP: 1/1
    81 | D:1      | Reached skill level 3 in Axes
   339 | D:1      | Reached XP level 3. HP: 33/33 MP: 2/2
   755 | D:2      | Reached skill level 4 in Axes
  1074 | D:2      | Reached XP level 4. HP: 28/41 MP: 3/3
  2357 | D:4      | Reached XP level 5. HP: 23/47 MP: 4/4
  2361 | D:4      | Reached skill level 5 in Axes
  2370 | D:3      | Slain by a gnoll

Illustrated notes

Levels and vault maps discovered:
D:1:      onia_arrival_zoo_common, layout_rooms, minmay_tromino_v4_a
D:2:      layout_loops_ring
D:3:      layout_basic, minmay_misc_feat_diagonals, feat_on_display
D:4:      layout_basic, minmay_shop_grid_forest, minivault_23,
          nicolae_grassy_gnolls, uniq_ijyb

Skill      XL: |  1  2  3  4  5 |
---------------+----------------+-----
Axes           | 3 4 5 |  5.1
Fighting       | 4 |  4.7
Shields        | 4 |  4.7
Armour         | |  3.6

Action                     |  1- 3 |  4- 6 || total
---------------------------+-------+-------++-------
  Melee: War axe           |    93 |    42 ||   135
         Headbutt          |    10 |     5 ||    15
 Armour: Scale mail        |    56 |    36 ||    92
  Dodge: Dodged            |    42 |    33 ||    75
  Block: Buckler           |    22 |     8 ||    30

Table legend: (Time is in decaauts)
 A = Elapsed time spent in this place.
 B = Non-inter-level travel time spent in this place.
 C = Inter-level travel time spent in this place.
 D = Time resting spent in this place.
 E = Time spent auto-exploring this place.
 F = Levels seen in this place.
 G = Mean time per level.
                   A        B        C        D        E       F      G
               +--------+--------+--------+--------+--------+-----+--------+
         Total |   2417 |   2194 |    223 |     56 |   1611 |   4 |  604.2 |
       Dungeon |   2417 |   2194 |    223 |     56 |   1611 |   4 |  604.2 |
               +--------+--------+--------+--------+--------+-----+--------+

Top non-repeatable levels by time:
     D:2: 916 daAuts
     D:3: 870 daAuts
     D:1: 572 daAuts
     D:4: 58 daAuts
